 Dungeon Crawl Stone Soup version 0.28-a0-1524-ge72afd5fc6 (webtiles) character file.

Game seed: 2109673343135728416

5193 derath95 the Skirmisher (level 10, -2/77 HPs)
             Began as a Demonspawn Fighter on Jan 17, 2022.
             Was a Follower of Yredelemnul.
             Slain by a warg (7 damage)
             ... on level 9 of the Dungeon.
             The game lasted 00:32:20 (10131 turns).

derath95 the Skirmisher (Demonspawn Fighter)       Turns: 10131, Time: 00:32:22

Health: -2/77      AC: 18    Str: 23    XL:     10   Next: 34%
Magic:  17/17      EV:  3    Int: 10    God:    Yredelemnul [*.....]
Gold:   710        SH: 13    Dex: 12    Spells: 19/19 levels left

rFire   . . .      SeeInvis .   a - +0 war axe
rCold   + . .      Faith    .   c - +0 buckler
rNeg    . . .      Spirit   .   l - +0 gold dragon scales
rPois   +          Reflect  .   b - +1 helmet "Cibovuyliz" {rF- Will+++ rCorr Stlth+}
rElec   .          Harm     .   (no cloak)
rCorr   +          Rampage  .   e - +0 pair of gloves
Will    +++..                   h - +0 pair of boots
Stlth   ..........              (no amulet)
HPRegen 0.22/turn               p - ring of flight
MPRegen 0.15/turn               (no ring)

@: mighty, flying, hasted, very quick
A: large bone plates 1, icemail 1, powered by death 1, condensation shield,
weakness stinger 1, hooves 2, deformed body, strong 1
a: Renounce Religion, Recall Undead Harvest


You were on level 9 of the Dungeon.
You worshipped Yredelemnul.
Yredelemnul was noncommittal.
You visited 2 branches of the dungeon, and saw 10 of its levels.
You also visited: Bailey.

You collected 710 gold pieces.

Inventory:

Hand Weapons
 a - a +0 war axe (weapon)
 o - a +0 morningstar
 v - a +4 double sword
Missiles
 x - a throwing net (quivered)
Armour
 b - the +1 helmet "Cibovuyliz" (worn) {rF- Will+++ rCorr Stlth+}
   (You found it in a bailey)

   rF:        It makes you vulnerable to fire.
   rCorr:     It protects you from acid and corrosion.
   Will:      It greatly increases your willpower.
   Stlth:     It makes you more stealthy.
 c - a +0 buckler (worn)
 e - a +0 pair of gloves (worn)
 h - a +0 pair of boots (worn)
 l - +0 gold dragon scales (worn)
Jewellery
 p - a ring of flight (left hand)
Wands
 g - a wand of iceblast (1)
 n - a wand of charming (1)
 s - a wand of paralysis (5)
 z - a wand of flame (18)
Scrolls
 i - a scroll of amnesia
 j - 2 scrolls of teleportation
 m - a scroll of magic mapping
 y - a scroll of identify
 A - a scroll of summoning
Potions
 d - 3 potions of might
 f - 2 potions of brilliance
 k - 2 potions of curing
 q - a potion of resistance {unknown}


   Skills:
 + Level 6.7 Fighting
 + Level 5.6(6.6) Axes
 + Level 5.1(6.3) Maces & Flails
 + Level 6.2 Armour
 + Level 6.2 Shields
 + Level 5.1 Spellcasting
 + Level 4.6 Evocations


You had 19 spell levels left.
You didn't know any spells.
Your spell library contained the following spells:

 Spells                   Type           Power      Damage    Failure   Level
 Pain                     Necr           8%         1d4       100%        1
 Shock                    Conj/Air       8%         1d3       100%        1
 Slow                     Hex            8%         N/A       100%        1
 Confusing Touch          Hex            2%         N/A       100%        3
 Swiftness                Air            2%         N/A       100%        3
 Vampiric Draining        Necr           2%         2d6       100%        3
 Airstrike                Air            1%         N/A       100%        4
 Hailstorm                Conj/Ice       2%         3d3       100%        4
 Ice Form                 Ice/Tmut       2%         N/A       100%        4
 Agony                    Necr           2%         N/A       100%        5
 Excruciating Wounds      Necr           1%         N/A       100%        5
 Simulacrum               Ice/Necr       1%         N/A       100%        6


Dungeon Overview and Level Annotations

Branches:
Dungeon (9/15)             Temple (1/1) D:6            Lair (0/6) D:9
 Bailey (visited)
    Orc: D:9-12

Altars:
Ashenzari
Dithmenos
Elyvilon
Fedhas
Gozag
Hepliaklqana
Kikubaaqudgha
Makhleb
Nemelex Xobeh
Okawaru
Qazlal
Ru
Sif Muna
Trog
Uskayaw
Vehumet
Wu Jian
Xom
Yredelemnul
Zin
The Shining One

Shops:
D:2 :?=


Innate Abilities, Weirdness & Mutations

You are partially covered in large bone plates. (SH +4)
A meltable icy envelope protects you from harm. (AC +4)
You regenerate a little health from kills.
A meltable shield of frost defends you. (SH +4)
You have a small tail.
You have hoof-like feet.
Armour fits poorly on your strangely shaped body.
Your muscles are strong. (Str +2)


Message History

Okay, then.
Aiming: Iceblast
Press: ? - help, Shift-Dir - straight line, f - warg
Aim: a warg (moderately wounded)
Okay, then.
Aiming: Charm
Press: ? - help, Shift-Dir - straight line, f - orc priest
Aim: an orc priest, wielding a +0 mace (chance to affect: 61%)
The warg resists with some effort.
Your kobold zombie hits the warg but does no damage.
The warg pauses to sniff the ground.
You block the warg's attack. The warg bites you but does no damage.
You block the warg's attack.
You hit the warg but do no damage. You tail-slap the warg.
The warg is moderately wounded.
You hit the warg. You closely miss the warg. The warg bites you.
* * * LOW HITPOINT WARNING * * *
You block the warg's attack. The warg bites you but does no damage.
Your kobold zombie misses the warg.
You feel yourself speed up. The warg completely misses you.
You block the warg's attack. The warg bites you but does no damage.
Your kobold zombie closely misses the warg.
You block the warg's attack. The warg bites you but does no damage.
The warg bites you.
* * * LOW HITPOINT WARNING * * *
You feel very mighty all of a sudden. You block the warg's attack.
The warg bites you but does no damage.
You hit the warg.
The warg is heavily wounded.
You closely miss the warg. x2; The warg bites you but does no damage.
Your kobold zombie closely misses the warg.
You barely miss the warg. You tail-slap the warg!
The warg is almost dead.
You closely miss the warg. x2; The warg bites you but does no damage. x2
The warg bites you!
* * * LOW HITPOINT WARNING * * *
Your kobold zombie hits the warg but does no damage.
The warg bites you!
You die...
Your body rises from the dead as a mindless zombie.

#.#........#
.###..####.............. . ##.##
......>...... # #..# ........P...
##.# ..P.......# #.##### ........
.##..# #.....####.o{.. ..#..#
#.Z.......#hh# .#..### .
##.######..#@# ....#.. ..###..#
###..ohZ# # .....#
......####....#Z## #.# #...##
####..........##.####..#####....#
###....###.Z##..............#
###....### #.Z.#..#...)..<..#.#
#.....## ##....####......##)##
..###.Z## ##Z....# #..........##
..##..ZZ####..##..# #.........#..


You could see 3 wargs, an orc priest, an orc, a friendly kobold zombie and a
friendly kobold brigand zombie.

Vanquished Creatures
  Joseph (D:7)
  4 steam dragons
  A water moccasin (D:7)
  A black bear (D:8)
  4 orc warriors (Bailey)
  3 necrophages
  4 ogres
  3 centaurs
  A phantom (D:5)
  A kobold brigand (D:9)
  Blork the orc (D:6)
  2 bullfrogs
  6 killer bees (D:7)
  A vampire bat (D:6)
  4 centaur zombies
  A centaur skeleton (D:5)
  A jelly (D:3)
  An orc priest (D:9)
  3 bullfrog skeletons
  2 hounds
  3 iguanas
  6 orc wizards
  A killer bee zombie (D:5)
  A hound zombie (D:5)
  2 adders
  A howler monkey skeleton (D:3)
  A shadow imp (D:6)
  An adder skeleton (D:4)
  A worm (D:2)
  35 orcs
  10 ball pythons
  2 endoplasms
  A giant cockroach (D:1)
  10 goblins
  7 hobgoblins
  2 jackals (D:3)
  5 quokkas
  8 bats
  6 frilled lizards
  10 kobolds
  5 rats
163 creatures vanquished.

Vanquished Creatures (collateral kills)
  A two-headed ogre (D:8)
  An orc knight (Bailey)
  2 water moccasins (D:8)
  An orc warrior (Bailey)
  An ogre (D:7)
  A phantom (D:7)
  A centaur zombie (D:7)
  A howler monkey zombie (D:8)
  2 orcs (Bailey)
  A hobgoblin (D:8)
12 creatures vanquished.

Vanquished Creatures (others)
  A bullfrog zombie (D:7)
  3 killer bee zombies (D:7)
  A steam dragon zombie (D:7)
  A bat zombie (D:6)
  3 kobold zombies (D:9)
  13 orc zombies
22 creatures vanquished.

Grand Total: 197 creatures vanquished

Notes
Turn   | Place    | Note
-------+----------+-------------------------------------------
     0 | D:1      | derath95 the Demonspawn Fighter began the quest for the
                  | Orb.
     0 | D:1      | Reached XP level 1. HP: 18/18 MP: 1/1
   241 | D:1      | Gained mutation: You have a small tail. [demonic ancestry]
   241 | D:1      | Reached XP level 2. HP: 24/24 MP: 2/2
   605 | D:2      | Noticed a necrophage
   619 | D:2      | Killed a necrophage
   620 | D:2      | Reached skill level 1 in Maces & Flails
   620 | D:2      | Reached skill level 1 in Spellcasting
   620 | D:2      | Gained mutation: A meltable shield of frost defends you.
                  | (SH +4) [demonic ancestry]
   620 | D:2      | Reached XP level 3. HP: 17/29 MP: 2/4
   620 | D:2      | Reached XP level 4. HP: 21/35 MP: 2/5
   932 | D:2      | Found Ylaenunk's Magic Scroll Shop.
   939 | D:2      | Found Xidghie's Jewellery Shop.
  1074 | D:2      | Found Ystrel's Book Shop.
  1586 | D:3      | Gained mutation: A meltable icy envelope protects you from
                  | harm. (AC +4) [demonic ancestry]
  1586 | D:3      | Reached XP level 5. HP: 25/41 MP: 6/6
  1886 | D:3      | Found an ornate altar of the Wu Jian Council.
  2026 | D:3      | Found a faded altar of an unknown god.
  2571 | D:4      | Noticed an ogre
  2581 | D:4      | Killed an ogre
  2582 | D:4      | Reached XP level 6. HP: 48/48 MP: 8/8
  3490 | D:4      | Gained mutation: Armour fits poorly on your strangely
                  | shaped body. [potion of mutation]
  3490 | D:4      | Gained mutation: You have large cloven feet. [potion of
                  | mutation]
  3490 | D:4      | Gained mutation: Your muscles are strong. (Str +2) [potion
                  | of mutation]
  3490 | D:4      | Gained mutation: You have hoof-like feet. [potion of
                  | mutation]
  3498 | D:5      | Entered Level 5 of the Dungeon
  3517 | D:5      | Reached XP level 7. HP: 46/54 MP: 10/10
  3946 | D:5      | Found a bloodstained altar of Trog.
  4166 | D:5      | Noticed a steam dragon
  4171 | D:5      | Killed a steam dragon
  4931 | D:6      | Gained mutation: You are partially covered in large bone
                  | plates. (SH +4) [demonic ancestry]
  4931 | D:6      | Reached XP level 8. HP: 51/61 MP: 12/12
  4987 | D:6      | Reached skill level 1 in Evocations
  4996 | D:6      | Reached skill level 5 in Fighting
  5221 | D:6      | Found a faded altar of an unknown god.
  5221 | D:6      | Noticed Blork the orc
  5223 | D:6      | Found a hazy altar of Hepliaklqana.
  5230 | D:6      | Killed Blork the orc
  5561 | D:6      | Found a staircase to the Ecumenical Temple.
  5576 | Temple   | Entered the Ecumenical Temple
  5644 | Temple   | Became a worshipper of Yredelemnul the Dark
  5703 | D:6      | Reached * piety under Yredelemnul
  5962 | D:7      | Reached skill level 5 in Armour
  6192 | D:7      | Reached skill level 5 in Shields
  6310 | D:7      | Gained mutation: You regenerate a little health from kills.
                  | [demonic ancestry]
  6310 | D:7      | Reached XP level 9. HP: 43/68 MP: 14/14
  6531 | D:7      | Noticed Joseph
  6553 | D:7      | Killed Joseph
  7523 | D:8      | Reached skill level 5 in Axes
  7693 | D:8      | Found a flagged portal.
  7702 | D:8      | Reached ** piety under Yredelemnul
  7709 | Bailey   | Entered a bailey
  7969 | Bailey   | Noticed an orc knight
  8026 | Bailey   | Killed an orc knight
  8402 | Bailey   | Identified the +1 helmet "Cibovuyliz" {rF- Will+++ rCorr
                  | Stlth+}
  8525 | D:8      | Reached XP level 10. HP: 77/77 MP: 17/17
  8870 | D:8      | Found a broken altar of Ashenzari.
  9032 | D:8      | Noticed a two-headed ogre
  9043 | D:8      | Killed a two-headed ogre
  9044 | D:8      | Reached skill level 5 in Maces & Flails
  9044 | D:8      | Reached skill level 5 in Spellcasting
 10111 | D:9      | Found a staircase to the Lair.
 10131 | D:9      | Slain by a warg

Illustrated notes

Levels and vault maps discovered:
D:1:      minmay_arrival_open_corners, layout_rooms, minmay_misc_feat_plants,
          hangedman_abyss_or_decor_lesser_grid, kennysheep_doodads
D:2:      layout_loops_ring, serial_shops, shop, nicolae_shop_hallway_plus,
          nicolae_shop_waterfront, hangedman_decor_push, kennysheep_minor_cross
D:3:      layout_basic, nicolae_overflow_crystal_walls, amcnicky_altar_gilded,
          basic_ecumenical_altar
D:4:      layout_basic, st_stairs_3, grunt_ministairs_7, due_unseen_surprise
D:5:      layout_rooms, lightli_temple_of_fire, serial_co_window_serial,
          co_window_corner_a, co_window_corner_a, co_window_paths_a,
          co_window_cross_1, co_window_paths_a, co_window_unsneaky_path_b,
          co_window_broadway_b, co_window_broadway_a, glass_columns_c
D:6:      layout_rooms, beargit_hepliaklqana_dungeon_heroes,
          minmay_temple_entry_offerings, chequers_garden, roderic_batcave,
          uniq_blork_the_orc
D:7:      layout_loops_ring, hex_medium, uniq_joseph
D:8:      black_bear_nest_1, layout_basic, ashenzari_conservatory_becter,
          enter_bailey_4, hangedman_abyss_or_decor_jellyfish_corner, st_stairs_7
D:9:      layout_layer_cave, erik_lair_orcish_takeover
Temple:   nicolae_temple_x_marks_the_god

Skill      XL: |  1  2  3  4  5  6  7  8  9 10 |
---------------+-------------------------------+-----
Axes           | 2 3 4 5 |  5.6
Maces & Flails | 1 2 3 4 5 |  5.1
Armour         | 3 4 5 6 |  6.2
Shields        | 3 4 5 6 |  6.2
Spellcasting   | 1 2 3 4 5 |  5.1
Fighting       | 4 5 6 |  6.7
Evocations     | 2 4 |  4.6

Action                   |  1- 3 |  4- 6 |  7- 9 | 10-12 || total
-------------------------+-------+-------+-------+-------++-------
Melee: War axe           |    54 |   151 |   352 |    99 ||   656
       Tailslap          |     1 |    19 |    58 |    19 ||    97
Evoke: Wand              |       |     4 |    11 |     2 ||    17
  Use: Potion            |       |     4 |     3 |     2 ||     9
       Scroll            |       |     3 |     2 |     6 ||    11
 Stab: Paralysed         |       |       |    15 |       ||    15
       Distracted        |       |       |     1 |     1 ||     2
Armor: Scale mail        |    33 |    27 |       |       ||    60
       Gold dragon scale |       |   114 |   223 |    83 ||   420
Dodge: Dodged            |    18 |    33 |    47 |    19 ||   117
Block: Buckler           |    13 |    58 |   271 |    88 ||   430

Table legend: (Time is in decaauts)
 A = Elapsed time spent in this place.
 B = Non-inter-level travel time spent in this place.
 C = Inter-level travel time spent in this place.
 D = Time resting spent in this place.
 E = Time spent auto-exploring this place.
 F = Levels seen in this place.
 G = Mean time per level.
                   A        B        C        D        E       F      G
               +--------+--------+--------+--------+--------+-----+--------+
         Total |  10337 |  10258 |     79 |      0 |   7769 |  11 |  939.7 |
       Dungeon |   9455 |   9376 |     79 |      0 |   7331 |   9 | 1050.6 |
        Temple |     72 |     72 |      0 |      0 |     46 |   1 |   72.0 |
        Bailey |    809 |    809 |      0 |      0 |    392 |   1 |  809.0 |
               +--------+--------+--------+--------+--------+-----+--------+

Top non-repeatable levels by time:
     D:7: 1764 daAuts
     D:5: 1450 daAuts
     D:2: 1049 daAuts
     D:4: 1041 daAuts
     D:8: 1035 daAuts
     D:3: 923 daAuts
     D:9: 821 daAuts
  Bailey: 809 daAuts
     D:6: 806 daAuts
     D:1: 561 daAuts
  Temple: 72 daAuts
